 Dungeon Crawl Stone Soup version 0.22-a0-565-gfc6459a524 (webtiles) character file.

7749 PikkenKukken the Grappler (level 11, -12/109 HPs)
             Began as a Troll Fighter on June 28, 2018.
             Was a Priest of the Shining One.
             Mangled by a 12-headed hydra (13 damage)
             ... on level 1 of the Lair of Beasts.
             The game lasted 00:24:51 (7165 turns).

PikkenKukken the Grappler (Troll Fighter)           Turns: 7165, Time: 00:24:51

Health: -12/109    AC:  5    Str: 26    XL:     11   Next: 0%
Magic:  13/13      EV: 12    Int:  4    God:    the Shining One [***...]
Gold:   486        SH:  0    Dex: 12    Spells: 10/10 levels left

rFire    . . .     SeeInvis .     - Unarmed
rCold    . . .     Gourm    +   h - +1 shield
rNeg     + . .     Faith    .   a - +0 robe
rPois    .         Spirit   .   (helmet restricted)
rElec    .         Reflect  +   g - scarf {cloud immunity}
rCorr    +         Harm     .   (gloves unavailable)
MR       .....                  (boots unavailable)
Stlth    +.........             k - +4 amulet of reflection
HPRegen  0.68/turn              c - ring of resist corrosion
MPRegen  0.13/turn              (no ring)

@: confused, glowing
A: large, unfitting armour, claws 3, fast metabolism 3, gourmand, regeneration
1, shaggy fur 1, tough skin 2
a: Divine Shield, Renounce Religion


You were on level 1 of the Lair of Beasts.
You worshipped the Shining One.
The Shining One was most pleased with you.
You were very full.

You visited 2 branches of the dungeon, and saw 9 of its levels.

You collected 486 gold pieces.

Inventory:

Hand Weapons
 b - a +1 hand crossbow of electrocution
 s - the +1 broad axe of the Ghost {venom, rF++ Str+2}
   (You took it off a yaktaur on level 7 of the Dungeon)

   It poisons the flesh of those it strikes.
   It affects your strength (+2).
   It greatly protects you from fire.
Missiles
 q - 45 bolts
Armour
 a - a +0 robe (worn)
 g - a scarf of cloud immunity (worn)
 h - a +1 shield (worn)
Jewellery
 c - a ring of resist corrosion (left claw)
 k - a +4 amulet of reflection (around neck)
Wands
 j - a wand of iceblast (10)
 n - a wand of flame (42)
 p - a wand of scattershot (6)
Scrolls
 e - 7 scrolls of remove curse
 m - 7 scrolls of identify
 o - 3 scrolls of teleportation
 r - a scroll of enchant armour
 t - a scroll of brand weapon
 v - a scroll of blinking
Potions
 f - a potion of ambrosia
 i - 3 potions of heal wounds
 l - 3 potions of curing
 u - a potion of resistance
Comestibles
 d - 21 rations


   Skills:
 + Level 7.1 Fighting
 + Level 2.8 Crossbows
 + Level 7.0 Dodging
 + Level 7.0 Shields
 + Level 8.1 Unarmed Combat
 - Level 4.3 Invocations


You had 10 spell levels left.
You didn't know any spells.
Your spell library contained the following spells:

 Spells                   Type           Power        Failure   Level  Hunger
 Apportation              Tloc           #.....       65%         1    ##.....
 Lightning Bolt           Conj/Air       #.........   100%        5    ######.
 Bolt of Magma            Conj/Fire/Erth #.........   100%        5    ######.
 Summon Small Mammal      Summ           #...         65%         1    ##.....
 Animate Dead             Necr           N/A          100%        4    #####..
 Pain                     Necr           #...         65%         1    ##.....
 Animate Skeleton         Necr           N/A          65%         1    ##.....
 Vampiric Draining        Necr           #.........   95%         3    ####...
 Regeneration             Chrm/Necr      #.........   95%         3    ####...
 Sublimation of Blood     Necr           #.........   78%         2    ###....
 Iron Shot                Conj/Erth      #.........   100%        6    #######
 Shock                    Conj/Air       #...         65%         1    ##.....
 Swiftness                Chrm/Air       #.......     78%         2    ###....
 Statue Form              Tmut/Erth      #........    100%        6    #######
 Airstrike                Air            #.........   100%        4    #####..
 Confusing Touch          Hex            #.....       65%         1    ##.....
 Ignite Poison            Fire/Tmut/Pois #.......     95%         3    ####...
 Shatter                  Erth           #.........   100%        9    #######
 Static Discharge         Conj/Air       #.......     95%         3    ####...
 Alistair's Intoxication  Tmut/Pois      #.......     100%        5    ######.
 Petrify                  Tmut/Erth      #.......     100%        4    #####..
 Leda's Liquefaction      Hex/Erth       #.........   100%        4    #####..
 Irradiate                Conj/Tmut      #.........   100%        5    ######.


Dungeon Overview and Level Annotations

Branches:
Dungeon (8/15)             Temple (0/1) D:5            Lair (1/6) D:8

Altars:
Cheibriados
Dithmenos
Elyvilon
Fedhas
Kikubaaqudgha
Ru
Sif Muna
Wu Jian
Yredelemnul
Zin
The Shining One

Annotations:
D:4 2 transporters
D:7 exclusion: oklob plant
D:8 3 runed doors, Kholdaimon's ghost, novice FoFi


Innate Abilities, Weirdness & Mutations

You are too large for most types of armour.
You have claws for hands.
Your metabolism is lightning-fast.
You like to eat raw meat.
Your natural rate of healing is unusually fast.
You are covered in fur. (AC +1)
You have very tough skin. (AC +2)


Message History

The 12-headed hydra completely misses you.
You block the 12-headed hydra's attack. The 12-headed hydra bites you.
* * * LOW HITPOINT WARNING * * *
The 12-headed hydra barely misses you. The 12-headed hydra bites you.
* * * LOW HITPOINT WARNING * * *
Unknown command.
Wield which item (- for none, * to show all)? (? for menu, Esc to quit)
Okay, then.
You are confused.
You feel invigorated. The 12-headed hydra bites you.
* * * LOW HITPOINT WARNING * * *
The 12-headed hydra completely misses you. x2
The 12-headed hydra bites you.
* * * LOW HITPOINT WARNING * * *
The 12-headed hydra closely misses you. x2; The 12-headed hydra bites you.
* * * LOW HITPOINT WARNING * * *
The 12-headed hydra bites you.
* * * LOW HITPOINT WARNING * * *
The 12-headed hydra bites you!
You die...

............(........
#.................... #
#.................#.P
..##....##P..###.#...#..
........+............+..
........#........#...#..
#(............#...#..
#....#............#..
#...@#........#...#..
#..D.######.#.#.#.#
#.(... ..... ........
.#.#. #.# ...(.......
.... ... ............
.#.#.#.#.# .............
..........
.............#.#.#.#.#.#
..........


You could see a 12-headed hydra.

Vanquished Creatures
  A two-headed ogre (D:7)
  A black mamba (Lair:1)
  A yaktaur (D:7)
  A komodo dragon (Lair:1)
  A komodo dragon (shapeshifter) (D:7)
  Prince Ribbit (D:5)
  3 hippogriffs
  4 humans (D:6)
  A basilisk (D:8)
  A hungry ghost (D:7)
  A steam dragon (D:8)
  Eustachio (D:5)
  Menkaure (D:4)
  A water moccasin (Lair:1)
  3 porcupines
  3 orc warriors
  An ice beast (D:5)
  3 black bears
  A necrophage (D:8)
  2 sky beasts
  4 ogres
  2 wolves (D:7)
  2 phantoms
  A centaur (D:7)
  4 crocodiles
  4 bullfrogs
  7 wights (D:8)
  4 crimson imps
  3 hounds
  A bullfrog skeleton (D:3)
  2 jellies
  5 orc priests
  A centaur skeleton (D:4)
  2 iguanas
  9 orc wizards
  3 worker ants
  A hound zombie (D:8)
  A hound skeleton (D:8)
  A howler monkey skeleton (D:4)
  4 gnolls (D:5)
  11 adders
  2 oozes (D:2)
  2 worms
  A dart slug (D:1)
  5 leopard geckos
  32 orcs
  9 giant cockroaches
  13 hobgoblins
  6 jackals
  8 kobolds
  4 quokkas
  2 ball pythons
  A ball python skeleton (D:5)
  3 bats (D:2)
  4 frilled lizards
  4 goblins
  A leopard gecko zombie (D:4)
  A quokka zombie (D:5)
  4 rats
206 creatures vanquished.

Vanquished Creatures (others)
  2 fungi (D:8)
  5 plants (D:8)
7 creatures vanquished.

Grand Total: 213 creatures vanquished

Notes
Turn   | Place    | Note
-------+----------+-------------------------------------------
     0 | D:1      | PikkenKukken the Troll Fighter began the quest for the Orb.
     0 | D:1      | Reached XP level 1. HP: 22/22 MP: 0/0
   101 | D:1      | Reached XP level 2. HP: 16/29 MP: 1/1
   509 | D:1      | Reached XP level 3. HP: 36/36 MP: 2/2
   780 | D:2      | Reached XP level 4. HP: 36/45 MP: 3/3
   813 | D:2      | Found a white marble altar of Elyvilon.
  1047 | D:2      | Reached skill level 3 in Unarmed Combat
  1296 | D:2      | Found a glowing golden altar of the Shining One.
  1324 | D:2      | Reached XP level 5. HP: 53/53 MP: 4/4
  1663 | D:2      | Became a worshipper of the Shining One
  1881 | D:3      | Found a glowing silver altar of Zin.
  2083 | D:4      | Found a transporter.
  2183 | D:4      | HP: 1/53 [orc priest/divine providence (14)]
  2184 | D:4      | Reached XP level 6. HP: 1/61 MP: 5/5
  2408 | D:4      | Found an ancient bone altar of Kikubaaqudgha.
  2409 | D:4      | Found a basalt altar of Yredelemnul.
  2409 | D:4      | Noticed Menkaure
  2410 | D:4      | Found a transporter.
  2429 | D:4      | Found a transporter.
  2542 | D:4      | Noticed a cyclops
  2543 | D:4      | Found a transporter.
  2558 | D:4      | Found a deep blue altar of Sif Muna.
  2622 | D:4      | Reached * piety under the Shining One
  2632 | D:4      | Reached skill level 4 in Unarmed Combat
  2632 | D:4      | Reached XP level 7. HP: 70/70 MP: 6/6
  2711 | D:5      | Entered Level 5 of the Dungeon
  2734 | D:5      | Noticed Prince Ribbit
  2740 | D:5      | Killed Prince Ribbit
  2740 | D:5      | Reached skill level 1 in Invocations
  2782 | D:5      | Found a staircase to the Ecumenical Temple.
  2970 | D:5      | Found a shadowy altar of Dithmenos.
  3307 | D:5      | Reached XP level 8. HP: 79/79 MP: 8/8
  3398 | D:5      | Reached skill level 5 in Unarmed Combat
  3508 | D:5      | Found an ornate altar of the Wu Jian Council.
  3564 | D:6      | Found a snail-covered altar of Cheibriados.
  3566 | D:6      | Noticed Eustachio
  3607 | D:5      | Killed Eustachio
  3699 | D:6      | Reached skill level 5 in Fighting
  3760 | D:6      | Reached skill level 5 in Dodging
  3881 | D:6      | Reached skill level 5 in Shields
  3903 | D:6      | Reached XP level 9. HP: 73/88 MP: 10/10
  4357 | D:7      | Reached skill level 6 in Unarmed Combat
  4474 | D:7      | Noticed a two-headed ogre
  4607 | D:7      | Killed a two-headed ogre
  4818 | D:7      | Reached ** piety under the Shining One
  5168 | D:7      | Noticed a yaktaur
  5168 | D:7      | Noticed a jumping spider
  5220 | D:7      | Found a blossoming altar of Fedhas.
  5240 | D:7      | Noticed an oklob plant
  5295 | D:7      | Noticed a komodo dragon
  5303 | D:7      | Killed a komodo dragon
  5337 | D:7      | Reached XP level 10. HP: 98/98 MP: 12/12
  5352 | D:7      | Reached skill level 1 in Crossbows
  5371 | D:7      | Reached skill level 7 in Unarmed Combat
  5654 | D:8      | Found a runed gate.
  5655 | D:8      | Found a runed gate.
  5656 | D:8      | Found a runed gate.
  5662 | D:8      | Noticed Kholdaimon's ghost (novice FoFi)
  5828 | D:7      | Got a crystal broad axe {venom}
  5829 | D:7      | Identified the cursed +1 broad axe of the Ghost {venom, rF++ Str+2} (You took it off a yaktaur on level 7 of the Dungeon)
  6239 | D:4      | Killed Menkaure
  6250 | D:4      | Reached *** piety under the Shining One
  6746 | D:8      | Found a staircase to the Lair.
  6895 | D:8      | Found a sacrificial altar of Ru.
  6980 | Lair:1   | Entered Level 1 of the Lair of Beasts
  7019 | Lair:1   | Reached skill level 8 in Unarmed Combat
  7019 | Lair:1   | Noticed a black mamba
  7025 | Lair:1   | Killed a black mamba
  7089 | Lair:1   | Reached XP level 11. HP: 109/109 MP: 13/13
  7156 | Lair:1   | Noticed an eight-headed hydra
  7165 | Lair:1   | HP: 1/109 [12-headed hydra (5)]
  7165 | Lair:1   | Mangled by a 12-headed hydra

Vault maps used:
D:1:      minmay_arrival_four_houses
D:2:      lemuel_crystal_altar, nicolae_overflow_hidden_temple, minmay_mini_jars
D:3:      lemuel_crystal_altar, first_ration, st_stairs_13,
          kennysheep_decorative_pillar
D:4:      gammafunk_temple_of_torment, gammafunk_temple_overflow_arena
D:5:      lemuel_round_altar, marbit_many_paths, uniq_prince_ribbit1
D:6:      slow_altar_1, minmay_ruffians, uniq_eustachio
D:7:      minmay_the_grid_four_pointed_star, tgw_fedhas
D:8:      nicolae_ru_awakened_eye, minmay_lair_entry_grove,
          gammafunk_ghost_spectres
Lair:1:   st_stairs_10, lemuel_fruit_tree

Skill      XL: |  1  2  3  4  5  6  7  8  9 10 |
---------------+-------------------------------+-----
Fighting       | 3 4 5 6 7 |  7.1
Dodging        | 3 4 5 6 7 |  7.0
Shields        | 3 4 5 6 7 |  7.0
Unarmed Combat | 3 4 5 6 8 |  8.1
Invocations    | 2 3 4 |  4.3
Crossbows      | 2 |  2.8

Action                   |  1- 3 |  4- 6 |  7- 9 | 10-12 || total
-------------------------+-------+-------+-------+-------++-------
Melee: Unarmed           |    76 |   165 |   253 |   169 ||   663
 Fire: Hand crossbow     |       |       |       |    14 ||    14
Invok: Divine Shield     |       |       |     1 |     1 ||     2
  Use: Scroll            |       |     9 |     6 |     3 ||    18
       Potion            |       |     1 |     1 |     2 ||     4
 Stab: Sleeping          |       |     1 |       |       ||     1
  Eat: Chunk             |    13 |    17 |    25 |    15 ||    70
Armor: Robe              |    23 |    35 |    35 |    20 ||   113
Dodge: Dodged            |    20 |    42 |    64 |    55 ||   181
Block: Shield            |    38 |    71 |   137 |   139 ||   385

Table legend:
 A = Spawn XP
 B = Non-spawn XP
 C = Spawn XP percentage of total XP
 D = Spawn monster count
 E = Non-spawn monster count
 F = Spawn count percentage of total count
 G = Total turns spent on level
                    A         B        C        D         E        F      G
               +---------+---------+-------+---------+---------+-------+---------
         Total |       0 |   11071 |   0.0 |       0 |     206 |   0.0 |  7165
               +---------+---------+-------+---------+---------+-------+---------
           D:1 |       0 |      43 |   0.0 |       0 |      24 |   0.0 |   635
           D:2 |       0 |     153 |   0.0 |       0 |      31 |   0.0 |   894
           D:3 |       0 |     109 |   0.0 |       0 |      15 |   0.0 |   528
           D:4 |       0 |     642 |   0.0 |       0 |      13 |   0.0 |   831
           D:5 |       0 |    1377 |   0.0 |       0 |      32 |   0.0 |  1007
           D:6 |       0 |    1046 |   0.0 |       0 |      13 |   0.0 |   752
           D:7 |       0 |    3838 |   0.0 |       0 |      44 |   0.0 |  1661
           D:8 |       0 |    2485 |   0.0 |       0 |      29 |   0.0 |   672
        Lair:1 |       0 |    1378 |   0.0 |       0 |       5 |   0.0 |   185
               +---------+---------+-------+---------+---------+-------+---------
